 Dungeon Crawl Stone Soup version 0.19-a0-1008-g4c63d25 (webtiles) character file.

35711 Duffy the Cruncher (level 14, 96/99 HPs)
             Began as a Formicid Fighter on July 22, 2016.
             Was a Follower of Uskayaw.
             Quit the game on level 4 of the Lair of Beasts.
             The game lasted 00:22:12 (17890 turns).

Duffy the Cruncher (Formicid Fighter)              Turns: 17890, Time: 00:22:13

Health: 96/99      AC: 24    Str: 18    XL:     14   Next: 20%
Magic:  22/22      EV:  6    Int:  7    God:    Uskayaw [*.....]
Gold:   1084       SH: 11    Dex: 14    Spells: 0 memorised, 13 levels left

rFire  . . .     SeeInvis +     R - +7 lajatang "Zuemiute" {freeze, rElec rC+ Str-3}
rCold  + + .     Gourm    .     t - +2 plate armour {rC+}
rNeg   . . .     Faith    +     c - +0 shield
rPois  +         Spirit   .     (helmet unavailable)
rElec  +         Dismiss  .     k - +2 cloak {MR+}
rCorr  .         Reflect  .     (no gloves)
SustAt .         Harm     .     (no boots)
MR     +++..                    q - amulet of faith
Stlth  ..........               C - ring of poison resistance
                                x - ring of protection from magic

@: extremely resistant to hostile enchantments, extremely unstealthy
A: permanent stasis, dig shafts and tunnels, four strong arms, antennae 3,
talons 1, molten scales 1, slimy green scales 1, dopey 1, frail 1, sense
surroundings 1, regeneration 1, no device heal 1
a: Dig, Shaft Self, Stomp, Renounce Religion


You were on level 4 of the Lair of Beasts.
You worshipped Uskayaw.
Uskayaw was aware of your devotion.
You were not hungry.

You visited 2 branches of the dungeon, and saw 17 of its levels.
You also visited: Labyrinth, Sewer and Bailey.

You collected 1136 gold pieces.
You spent 52 gold pieces at shops.


Innate Abilities, Weirdness & Mutations

You are under a permanent stasis effect.
You can dig through walls and to a lower floor.
Your four strong arms can wield two-handed weapons with a shield.
You have a pair of large antennae on your head. (SInv)
You have sharp toenails.
You are partially covered in molten scales. (AC +1)
You are partially covered in slimy green scales. (AC +2)
You are dopey. (Int -2)
You are frail. (-10% HP)
You passively map a small area around you.
Your natural rate of healing is unusually fast.
Potions and wands are less effective at restoring your health.


   Skills:
 - Level 10.8 Fighting
 - Level 13.3 Staves
 - Level 12.8 Armour
 + Level 0.3 Dodging
 - Level 9.2 Shields
 - Level 11.7 Invocations


You had 13 spell levels left.
You didn't know any spells.

Inventory:

Hand Weapons
 O - a +3 quarterstaff of speed
 R - the +7 lajatang "Zuemiute" (weapon) {freeze, rElec rC+ Str-3}

   It has been specially enchanted to freeze those struck by it, causing extra
   injury to most foes and up to half again as much damage against particularly
   susceptible opponents.
   It can also slow down cold-blooded creatures.
   It affects your strength (-3).
   It protects you from cold.
   It insulates you from electricity.
Armour
 c - a +0 shield (worn)
 k - a +2 cloak of magic resistance (worn)
 t - a +2 plate armour of cold resistance (worn)
Jewellery
 q - an amulet of faith (around neck)
 x - a ring of protection from magic (left hand)
 C - a ring of poison resistance (right hand)
 J - an uncursed ring of positive energy
 Q - an uncursed ring of fire
Wands
 l - a wand of lightning (9/15)
 s - a wand of iceblast (6/15)
 w - a wand of flame (32/48)
 z - a wand of enslavement (9/24)
 E - a wand of slowing (33/48)
 L - a wand of paralysis (2/24)
 N - a wand of disintegration (11/24)
 U - a wand of confusion (32/48)
Scrolls
 g - 4 scrolls of recharging
 m - 8 scrolls of remove curse
 u - a scroll of summoning
 y - 3 scrolls of enchant armour
 B - 4 scrolls of fog
Potions
 d - 2 potions of might
 e - 2 potions of cure mutation
 h - 3 potions of cancellation
 i - a potion of magic
 o - 7 potions of curing
 p - 2 potions of invisibility
 v - 2 potions of agility
 A - 5 potions of flight
 I - 2 potions of lignification
 T - a potion of resistance
Books
 a - a book of Burglary
 b - a book of Ice
 r - a book of the Sky
 D - a book of Misfortune
 K - a book of Air
 M - the Disquisition on Dislocation and the Mountains

   Spells                             Type                      Level
   a - Sandblast                      Earth                        1
   b - Apportation                    Translocation                1
   c - Stone Arrow                    Conjuration/Earth            3
   d - Lee's Rapid Deconstruction     Earth                        5
   e - Shatter                        Earth                        9
Comestibles
 f - 10 bread rations
 j - 7 beef jerkies
 n - 10 meat rations
 F - a chunk of flesh
 G - 4 fruits

Dungeon Overview and Level Annotations

Branches:
Dungeon (13/15)            Temple (0/1) D:6            Lair (4/6) D:8
  Swamp (0/4) Lair:2        Snake (0/4) Lair:4          Orc (0/2) D:12
 Vaults: D:13-14

Altars:
Ashenzari
Cheibriados
Dithmenos
Fedhas
Gozag
Nemelex Xobeh
Okawaru
Qazlal
Ru
Sif Muna
Uskayaw
Xom
Zin

Shops:
D:7 *%%:?   D:10 }


Message History

You can now merge with and destroy a victim.
You see here a blink frog corpse.
Use which ability? (? or * to list)
Okay, then.
You butcher the blink frog corpse.
F - 2 chunks of flesh You can no longer merge with and destroy a victim.
You enter the shallow water.
Moving in this stuff is going to be slow.
You can no longer pass through a line of other dancers.
You now have 1084 gold pieces (gained 12).
Found 6 poisoned needles.
You see here 6 poisoned needles.
p - 2 potions of invisibility (gained 1) Eating one of 2 chunks of flesh.
You start eating one of the 2 chunks of flesh.
You are feeling hungry.
You continue eating. x2
You finish eating.
This raw flesh tastes terrible.
A hippogriff comes into view.
The hippogriff screeches!
A hippogriff is nearby!
A hippogriff is nearby!
A hippogriff is nearby!
You block the hippogriff's attack. The hippogriff pecks you.
The hippogriff claws you but does no damage.
You hit the hippogriff. You freeze the hippogriff.
The hippogriff is lightly wounded.
You block the hippogriff's attack. The hippogriff barely misses you. x2
You slash the hippogriff! You freeze the hippogriff.
The hippogriff is severely wounded.
You hit the hippogriff. You freeze the hippogriff.
Your kick misses the hippogriff.
The hippogriff is severely wounded.
You block the hippogriff's attack.
The hippogriff pecks you but does no damage.
You block the hippogriff's attack.
You hit the hippogriff. You freeze the hippogriff.
You kill the hippogriff!
No target in view!
No target in view!
No target in view!
No target in view!
No target in view!
No target in view!
No target in view!
No target in view!
No target in view!
No target in view!
Are you sure you want to abandon this character and quit the game? (Confirm with "yes".)

...#####.#...#.....#..........##.
...##.....##.......#...#.....#...
...........#.#.7.#....#..........
....#......#...........#.....##..
...###...###..........##.....##..
...###P...#.#.....#...#......#...
............#......#####.....####
.....................#.........##
................@................
.................................
.................................
.................#.###.#.........
.................####.##......%..
.####..P.##......# ... #........#
..#.#..#.###......#.........P....
..#.......#.......#..............
...........#..........##.........


There were no monsters in sight!

Action                   |  1- 3 |  4- 6 |  7- 9 | 10-12 | 13-15 || total
-------------------------+-------+-------+-------+-------+-------++-------
Melee: Quarterstaff      |    77 |   159 |   501 |   870 |   266 ||  1873
       Kick              |       |       |       |   154 |   147 ||   301
       Lajatang          |       |       |       |       |   247 ||   247
Invok: Stomp             |       |       |       |       |     1 ||     1
       Line Pass         |       |       |       |       |     1 ||     1
 Abil: Dig               |       |     7 |     6 |    20 |    11 ||    44
Evoke: Wand              |       |       |       |     4 |       ||     4
  Use: Scroll            |       |       |    16 |    13 |     4 ||    33
       Potion            |       |       |     8 |     2 |       ||    10
 Stab: Paralysed         |       |       |    19 |    66 |    32 ||   117
       Confused          |       |       |       |     4 |       ||     4
       Petrifying        |       |       |       |     2 |       ||     2
  Eat: Chunk             |       |     6 |    15 |    15 |     8 ||    44
       Royal jelly       |       |       |     1 |     1 |       ||     2
       Pizza             |       |       |       |     9 |       ||     9
       Fruit             |       |       |       |     3 |     2 ||     5
       Meat ration       |       |       |       |     1 |       ||     1
       Bread ration      |       |       |       |       |     1 ||     1
Armor: Scale mail        |    41 |    64 |    48 |       |       ||   153
       Plate armour      |       |       |   121 |   376 |   162 ||   659
Dodge: Dodged            |    37 |    64 |    90 |   163 |    85 ||   439
Block: Shield            |    43 |    77 |   242 |   377 |   181 ||   920

Notes
Turn   | Place    | Note
-------+----------+-------------------------------------------
     0 | D:1      | Duffy the Formicid Fighter began the quest for the Orb.
     0 | D:1      | Reached XP level 1. HP: 18/18 MP: 1/1
   220 | D:1      | Reached skill level 4 in Shields
   220 | D:1      | Reached XP level 2. HP: 24/24 MP: 2/2
   433 | D:1      | Reached XP level 3. HP: 29/29 MP: 3/3
   818 | D:2      | Noticed an earth elemental
   821 | D:2      | Found a stormy altar of Qazlal.
   824 | D:2      | Noticed a water elemental
   824 | D:2      | Noticed an air elemental
   824 | D:2      | Noticed a fire elemental
   832 | D:2      | Found a shadowy altar of Dithmenos.
  1016 | D:2      | Found an iron altar of Okawaru.
  1027 | D:2      | Reached skill level 3 in Staves
  1035 | D:2      | Reached XP level 4. HP: 14/35 MP: 4/4
  1242 | D:2      | Found a snail-covered altar of Cheibriados.
  1835 | D:3      | Noticed Ijyb
  1844 | D:3      | Killed Ijyb
  1844 | D:3      | Reached skill level 5 in Shields
  1914 | D:3      | Reached XP level 5. HP: 39/41 MP: 5/5
  1971 | D:3      | Noticed Robin
  1986 | D:3      | Noticed Sigmund
  2125 | D:3      | Killed Robin
  2138 | D:3      | Killed Sigmund
  2138 | D:3      | Reached skill level 4 in Staves
  2138 | D:3      | Reached skill level 6 in Shields
  2138 | D:3      | Reached XP level 6. HP: 29/47 MP: 6/6
  2191 | D:3      | Found a hide-covered altar of Uskayaw.
  2216 | D:3      | Became a worshipper of Uskayaw the Reveler
  2225 | D:3      | Found a glowing drain.
  2231 | D:3      | Reached * piety under Uskayaw
  2233 | D:3      | Reached ** piety under Uskayaw
  2249 | Sewer    | Entered a sewer
  2344 | Sewer    | Reached skill level 5 in Staves
  2344 | Sewer    | Reached XP level 7. HP: 47/52 MP: 7/7
  2347 | Sewer    | Reached *** piety under Uskayaw
  2586 | Sewer    | Reached skill level 7 in Shields
  2872 | D:3      | Found a blossoming altar of Fedhas.
  3033 | D:3      | Found a shattered altar of Ashenzari.
  3320 | D:4      | Reached **** piety under Uskayaw
  3335 | D:3      | Reached skill level 6 in Staves
  3335 | D:3      | Reached skill level 8 in Shields
  3335 | D:3      | Reached XP level 8. HP: 27/58 MP: 8/8
  3915 | D:4      | Noticed Grinder
  3929 | D:4      | Killed Grinder
  4127 | D:4      | Reached skill level 9 in Shields
  4136 | D:4      | Reached skill level 7 in Staves
  4738 | D:4      | Found an opulent altar of Gozag.
  4805 | D:5      | Entered Level 5 of the Dungeon
  5234 | D:5      | Got a faintly humming plate armour
  5245 | D:5      | Identified the +3 plate armour of Responsibility {rN+ rCorr Dex-5} (You found it on level 5 of the Dungeon)
  5266 | D:5      | Noticed p0werm0de's ghost (amateur DsIE)
  5312 | D:5      | Killed p0werm0de's ghost
  5312 | D:5      | Reached skill level 4 in Armour
  5312 | D:5      | Reached XP level 9. HP: 23/64 MP: 0/9
  5643 | D:6      | Noticed Blork the orc
  5653 | D:6      | Reached skill level 5 in Armour
  5663 | D:6      | Killed Blork the orc
  5663 | D:6      | Reached skill level 8 in Staves
  5818 | D:6      | Noticed Edmund
  5840 | D:6      | Killed Edmund
  5889 | D:6      | Found a staircase to the Ecumenical Temple.
  5907 | D:6      | Found a sparkling altar of Nemelex Xobeh.
  6087 | D:6      | Reached skill level 6 in Armour
  6306 | D:5      | Found a shimmering altar of Xom.
  6730 | D:7      | Found Afrinkyri's Food Boutique.
  6792 | D:7      | Found Uxir's Food Emporium.
  6940 | D:7      | Found a runed door.
  6944 | D:7      | Noticed Crazy Yiuf
  6953 | D:7      | Killed Crazy Yiuf
  7089 | D:7      | Reached skill level 9 in Staves
  7150 | D:7      | Found a sacrificial altar of Ru.
  7187 | D:7      | Reached skill level 7 in Armour
  7304 | D:7      | Reached ***** piety under Uskayaw
  7315 | D:7      | Found Ican's Book Shoppe.
  7413 | D:7      | Found Ostropnu's Assorted Antiques.
  7416 | D:7      | Bought 2 glowing golden potions for 52 gold pieces
  7416 | D:7      | Gained mutation: You are partially covered in molten scales. (AC +1) [potion of mutation]
  7416 | D:7      | Gained mutation: Your natural rate of healing is unusually fast. [potion of mutation]
  7417 | D:7      | Gained mutation: You are frail. (-10% HP) [potion of mutation]
  7417 | D:7      | Gained mutation: You passively map a small area around you. [potion of mutation]
  7523 | D:7      | Reached XP level 10. HP: 63/63 MP: 10/10
  7680 | D:7      | Reached skill level 8 in Armour
  7685 | D:7      | Reached skill level 10 in Staves
  7736 | D:7      | Found Vuicinku's Magic Scroll Emporium.
  8035 | D:8      | Found a staircase to the Lair.
  8041 | D:8      | Noticed a komodo dragon
  8061 | D:8      | a komodo dragon changed into a polar bear
  8064 | D:8      | Noticed a glowing shapeshifter
  8064 | D:8      | a polar bear changed into a glowing shapeshifter
  8064 | D:8      | a glowing shapeshifter changed into a giant leech
  8065 | D:8      | Noticed a six-headed hydra
  8065 | D:8      | a giant leech changed into a six-headed hydra
  8067 | D:8      | Noticed a satyr
  8067 | D:8      | a six-headed hydra changed into a satyr
  8073 | D:8      | Noticed a fire dragon
  8073 | D:8      | a satyr changed into a fire dragon
  8075 | D:8      | a fire dragon changed into a slime creature
  8225 | D:8      | Found a deep blue altar of Sif Muna.
  8283 | D:8      | Reached skill level 4 in Fighting
  8469 | D:8      | Found a glowing silver altar of Zin.
  9203 | D:9      | Reached skill level 9 in Armour
  9349 | D:9      | Reached skill level 5 in Fighting
  9435 | D:9      | Noticed shady's ghost (novice MiGl)
  9454 | D:9      | Killed shady's ghost
  9454 | D:9      | Reached XP level 11. HP: 70/72 MP: 11/11
  9911 | D:10     | Entered Level 10 of the Dungeon
  9911 | D:10     | Found Piyr's Gadget Shop.
 10052 | D:10     | Reached skill level 6 in Fighting
 10078 | D:10     | Reached skill level 11 in Staves
 10149 | D:10     | Found a shimmering altar of Xom.
 10237 | D:10     | Gained mutation: You have sharp toenails. [mutagenic meat]
 10240 | D:10     | Gained mutation: You are partially covered in slimy green scales. (AC +2) [mutagenic meat]
 10249 | D:10     | Gained mutation: You are dopey. (Int -2) [mutagenic meat]
 10252 | D:10     | Gained mutation: Potions and wands are less effective at restoring your health. [mutagenic meat]
 10349 | D:10     | Reached skill level 10 in Armour
 10961 | D:11     | Reached skill level 7 in Fighting
 10966 | D:11     | Noticed a hill giant
 10966 | D:11     | Noticed a cyan ugly thing
 10972 | D:11     | Killed a cyan ugly thing
 10975 | D:11     | Killed a hill giant
 10998 | D:11     | Reached ****** piety under Uskayaw
 11004 | D:11     | Noticed Grum
 11033 | D:11     | Killed Grum
 11110 | D:11     | Noticed a cyclops
 11129 | D:11     | Reached skill level 8 in Fighting
 11132 | D:11     | Killed a cyclops
 11206 | D:11     | Noticed Erolcha
 11240 | D:11     | Killed Erolcha
 11240 | D:11     | Reached skill level 12 in Staves
 11240 | D:11     | Reached skill level 11 in Armour
 11240 | D:11     | Reached XP level 12. HP: 79/84 MP: 12/12
 11284 | D:11     | Identified the Disquisition on Dislocation and the Mountains
 11340 | D:11     | Found a flagged portal.
 11350 | Bailey   | Entered a bailey
 11528 | D:11     | Reached skill level 9 in Fighting
 12129 | D:12     | Noticed Psyche
 12140 | D:12     | Killed Psyche
 12355 | D:12     | Found a staircase to the Orcish Mines.
 12495 | D:12     | Reached skill level 12 in Armour
 12815 | D:12     | Noticed Nessos
 12845 | D:12     | Killed Nessos
 12845 | D:12     | Reached skill level 10 in Fighting
 13578 | Lair:1   | Entered Level 1 of the Lair of Beasts
 13709 | Lair:1   | Reached XP level 13. HP: 92/92 MP: 13/13
 14115 | Lair:1   | Reached skill level 13 in Staves
 14432 | Lair:2   | Noticed Urug
 14489 | Lair:2   | Killed Urug
 14794 | Lair:2   | Found a staircase to the Swamp.
 15089 | Lair:2   | Reached skill level 1 in Invocations
 15165 | Lair:2   | Reached skill level 2 in Invocations
 15452 | Lair:3   | Got an encrusted lajatang
 15453 | Lair:3   | Identified the +7 lajatang "Zuemiute" {freeze, rElec rC+ Str-3} (You acquired it on level 3 of the Lair of Beasts)
 15628 | Lair:3   | Reached skill level 3 in Invocations
 15674 | Lair:3   | Reached skill level 4 in Invocations
 15744 | Lair:3   | Reached skill level 5 in Invocations
 15775 | Lair:3   | Reached skill level 6 in Invocations
 16001 | Lair:3   | Reached skill level 7 in Invocations
 16293 | Lair:3   | Noticed an eight-headed hydra
 16299 | Lair:3   | Killed a 12-headed hydra
 16576 | Lair:4   | Found a staircase to the Snake Pit.
 16588 | Lair:4   | Reached skill level 8 in Invocations
 16661 | Lair:4   | Noticed Kirke
 16673 | Lair:4   | Killed Kirke
 16673 | Lair:4   | Reached skill level 9 in Invocations
 16690 | Lair:4   | Found a labyrinth entrance.
 16721 | Lab      | Entered a labyrinth
 16923 | Lab      | Noticed a minotaur
 16938 | Lab      | Killed a minotaur
 16938 | Lab      | Reached skill level 10 in Invocations
 17053 | Lair:4   | Reached XP level 14. HP: 96/99 MP: 21/21
 17134 | Lair:4   | Noticed Snorg
 17143 | Lair:4   | Killed Snorg
 17143 | Lair:4   | Reached skill level 11 in Invocations
 17890 | Lair:4   | Quit the game

Skill      XL: |  1  2  3  4  5  6  7  8  9 10 11 12 13 14 |
---------------+-------------------------------------------+-----
Shields        | 4 5 6 8 9 |  9.2
Staves         | 3 4 5 6 7 9 10 12 13 | 13.3
Armour         | 4 7 9 11 12 | 12.8
Fighting       | 5 8 10 | 10.8
Invocations    | 10 11 | 11.7
Dodging        | |  0.3

Vault maps used:
D:1:      dpeg_arrival_brainrot
D:2:      nicolae_qazlal_style_of_elements, cheibriados_altar_1,
          okawaru_altar_gauntlet_db, first_bread, grunt_dithmenos_smoke
D:3:      minmay_wonky_spiral, ashenzari_conservatory_becter,
          nicolae_overflow_hidden_temple, old_standard_altar,
          portal_sewer_entry_b, uniq_sigmund, uniq_iyjb, uniq_robin
D:4:      marbit_many_paths, uniq_grinder
D:5:      overflow_temple_1_default
D:6:      nicolae_overflow_crystal_walls, roderic_chinese_pattern_swastika,
          uniq_blork_the_orc, uniq_edmund
D:7:      nicolae_ru_great_annihilating_truth, serial_shops, shop,
          nicolae_shop_behind_doors, kennysheep_mini, shop,
          nicolae_shop_behind_doors, grunt_livestock,
          hangedman_decor_diamond_cutter, uniq_crazy_yiuf_cottage
D:8:      kennysheep_little_box, zin_treasury, dpeg_lair_monsters,
          kennysheep_small_circle
D:10:     serial_undead, serial_undead_d, serial_undead_a, serial_undead_d,
          serial_undead_e, serial_undead_b, serial_shops, shop_fountains,
          corexii_leaking_fountain, tgw_xom
D:11:     enter_bailey_2, uniq_grum, uniq_erolcha
D:12:     orc_0_dummy, uniq_psyche, uniq_nessos
D:13:     kennysheep_generic_room_15
Lair:1:   serial_bayou_lagoon_b, serial_bayou_shore_a
Lair:2:   minmay_lair_oklob_chamber, minmay_swamp_entry_eels, uniq_urug
Lair:3:   grunt_megastairs_3
Lair:4:   guppyfry_snake_entry_island, lab_entry_generic, grunt_megastairs_1,
          uniq_kirke, uniq_snorg
Lab:      nicolae_lab_dead_adventurers, nicolae_lab_statue, lab_fountain,
          labyrinth_skeletal_remains
Sewer:    kennysheep_pipe_town
Bailey:   bailey_axe_1, bailey

Vanquished Creatures
  Kirke Nessos Snorg
  A minotaur Erolcha
  2 hydras
  The ghost of shady the Nimble, a novice MiGl of Okawaru Urug
  An orc knight
  3 hill giants
  A cyclops
  A griffon
  An oklob plant
  2 manticores
  An ugly thing
  A black mamba Psyche
  3 rime drakes
  2 spiny frogs
  2 komodo dragons
  A troll
  A slime creature (shapeshifter)
  18 blink frogs Grinder
  The ghost of p0werm0de the Chiller, an amateur DsIE
  A shadow Sigmund
  A human
  2 wyverns
  7 hogs
  2 basilisks
  22 yaks
  7 hippogriffs Grum
  3 hungry ghosts Edmund
  3 nagas
  4 porcupines
  4 water moccasins
  6 ice beasts
  2 sky beasts
  3 phantoms
  7 orc warriors
  6 necrophages
  8 ogres
  15 wolves
  7 centaurs
  8 crocodiles
  2 big kobolds Blork the orc
  10 giant frogs
  6 scorpions
  A wyvern skeleton
  8 killer bees
  7 wights
  8 howler monkeys
  4 electric eels
  5 jellies
  7 crimson imps
  A centaur zombie
  3 orc priests Crazy Yiuf
  3 giant frog skeletons
  A giant frog zombie
  3 centaur skeletons
  10 hounds
  5 iguanas Ijyb
  7 orc wizards
  3 worker ants
  6 sheep
  2 hound zombies
  An ogre skeleton Robin
  4 gnolls
  A worker ant zombie
  16 adders
  45 river rats
  5 shadow imps
  4 oozes
  2 adder skeletons
  3 worms
  3 dart slugs
  7 giant geckos
  17 orcs
  7 giant cockroaches
  22 goblins
  17 hobgoblins
  2 jackals
  9 quokkas
  5 ball pythons
  12 bats
  A giant gecko skeleton
  10 giant newts
  22 kobolds
  A quokka skeleton
  13 rats
  A plant
507 creatures vanquished.
